 Dungeon Crawl Stone Soup version 0.13.1-22-g086cdba (webtiles) character file.

884 Kae the Insei (level 7, -1/52 HPs)
             Began as a White Draconian Transmuter on Dec 31, 2013.
             Was an Initiate of Sif Muna.
             Slain by an orc
             ... wielding a +1,+0 orcish flail
              (5 damage)
             ... on Level 5 of the Dungeon.
             The game lasted 00:06:49 (4383 turns).

Kae the Insei (White Draconian Transmuter)          Turns: 4383, Time: 00:06:50

HP  -1/52        AC  6     Str 12      XL: 7   Next: 24%
MP   9/10        EV 12     Int 17      God: Sif Muna [......]
Gold 253         SH  0     Dex 14      Spells:  3 memorised,  4 levels left

Res.Fire  : . . .   See Invis. : .     - Unarmed
Res.Cold  : + . .   Warding    : .   (armour unavailable)
Life Prot.: . . .   Conserve   : .   (no shield)
Res.Poison: .       Res.Corr.  : .   (helmet restricted)
Res.Elec. : .       Clarity    : .   (no cloak)
Sust.Abil.: . .     Spirit.Shd : .   (no gloves)
Res.Mut.  : .       Stasis     : .   (boots unavailable)
Res.Rott. : .       Flight     : .   (no amulet)
Saprovore : . . .                    k - +4 ring of intelligence
                                     h - ring of invisibility

@: appendage, hasted, very quick, slightly resistant to hostile enchantments,
unstealthy
A: breathe frost, unfitting armour, talons 3, cold resistance 1, AC +6
a: Breathe Frost, End Transformation, Renounce Religion, Evoke Invisibility


You were on level 5 of the Dungeon.
You worshipped Sif Muna.
Sif Muna was noncommittal.
You were hungry.
You had grown temporary talons.
You visited 1 branch of the dungeon, and saw 5 of its levels.

You collected 233 gold pieces.

Inventory:

Missiles
 b - 28 arrows
 m - 6 arrows of flame
Comestibles
 a - a bread ration
 c - an apple
 f - a rotting chunk of worker ant flesh
 o - a snozzcumber
 w - a lychee
Scrolls
 i - 3 scrolls of identify
 j - 2 scrolls of random uselessness
 l - 4 scrolls of remove curse {unknown}
 n - a scroll of curse weapon {unknown}
Jewellery
 h - a ring of invisibility (left hand)
 k - a +4 ring of intelligence (right hand)
Potions
 g - a potion of poison
 t - a potion of brilliance
Books
 d - a book of Changes

   Spells                             Type                      Level
   *Beastly Appendage                 Transmutation                1
   *Sticks to Snakes                  Transmutation                2
   *Spider Form                       Transmutation/Poison         3
   Ice Form                           Ice/Transmutation            4
   Blade Hands                        Transmutation                5
 e - a book of the Earth

   Spells                             Type                      Level
   Dig                                Earth                        4
   Leda's Liquefaction                Hexes/Earth                  4
   Bolt of Magma                      Conjuration/Fire/Earth       5
   Statue Form                        Transmutation/Earth          6
   Iron Shot                          Conjuration/Earth            6
   Shatter                            Earth                        9
 q - a book of Hinderance

   Spells                             Type                      Level
   Confusing Touch                    Hexes                        1
   Slow                               Hexes                        2
   Confuse                            Hexes                        3
   Petrify                            Transmutation/Earth          4
   Leda's Liquefaction                Hexes/Earth                  4
   Metabolic Englaciation             Hexes/Ice                    6


   Skills:
 - Level 1.1 Fighting
 - Level 1.7 Dodging
 * Level 7.0 Unarmed Combat
 - Level 2.0 Spellcasting
 + Level 5.0 Transmutations


You had 4 spell levels left.
You knew the following spells:

 Your Spells              Type           Power        Failure   Level  Hunger
a - Beastly Appendage     Trmt           ###...       2%          1    #......
b - Sticks to Snakes      Trmt           ###.......   3%          2    ###....
c - Spider Form           Trmt/Pois      ##........   21%         3    ####...


Dungeon Overview and Level Annotations

Branches:
Dungeon (5/27)
 Temple: D:4-7

Altars:
Sif Muna

Shops:
D:5 +**?


Innate Abilities, Weirdness & Mutations

You can breathe waves of freezing cold.*
You can buffet flying creatures when you breathe cold.*
Your icy white scales are hard (AC +6).*
Your body does not fit into most forms of armour.
Your cold-blooded metabolism reacts poorly to cold.
Your flesh is cold resistant.*
You have claws for feet.*


Message History

The orc wizard hits you with an orcish dagger.
* * * LOW HITPOINT WARNING * * *
The orc priest hits you but does no damage.
The orc hits you with an orcish flail.
* * * LOW HITPOINT WARNING * * *
You hit the orc priest.
You kill the orc priest!
Your Transmutations skill increases to level 5!
The orc wizard points at you and mumbles some strange words.
You resist.
The orc wizard points at you and mumbles some strange words.
The magic dart hits you!
* * * LOW HITPOINT WARNING * * *
Unknown command.
Unknown command.
Unknown command.
Drink which item? (? for menu, Esc to quit)
You feel yourself speed up.
It was a potion of speed.
The orc hits you with an orcish flail.
You die...

*** *,* *8*
****,****########################
,,,,,,,,,........................
,,,,∩,,,.(.....o.................
,,,,,,,,.......o@%...............
,,,,,,,,.......[.................
****8****########################
*,* ***


You could see an orc wizard and an orc.

Vanquished Creatures
  The ghost of Kae the Insei, an average DrTm of Sif Muna (D:4)
  An ogre (D:5)
  Sigmund (D:3)
  A crimson imp (D:5)
  2 hounds
  An orc priest (D:5)
  A worker ant (D:5)
  Ijyb (D:2)
  Jessica (D:2)
  6 adders
  A giant mite (D:4)
  2 worms (D:3)
  A giant eyeball (D:4)
  7 giant geckos
  2 oozes
  8 orcs (D:3)
  5 bats
  11 goblins
  11 hobgoblins
  8 kobolds
  A quokka (D:3)
  4 giant cockroaches
  4 giant newts
  12 jackals
  A quokka skeleton (D:4)
  9 rats
103 creatures vanquished.

Notes
Turn   | Place    | Note
--------------------------------------------------------------
     0 | D:1      | Kae, the Draconian Transmuter, began the quest for the Orb.
     0 | D:1      | Reached XP level 1. HP: 16/16 MP: 1/1
   307 | D:1      | Reached XP level 2. HP: 2/23 MP: 3/3
  1049 | D:1      | Reached XP level 3. HP: 20/28 MP: 4/4
  1279 | D:2      | Noticed Jessica
  1286 | D:2      | Killed Jessica
  1286 | D:2      | Reached skill level 4 in Unarmed Combat
  1395 | D:2      | Reached XP level 4. HP: 35/35 MP: 6/6
  2496 | D:3      | Noticed Ijyb
  2498 | D:3      | Noticed Sigmund
  2542 | D:2      | Killed Ijyb
  2542 | D:2      | Reached XP level 5. HP: 40/40 MP: 5/7
  2610 | D:3      | Reached skill level 5 in Unarmed Combat
  2687 | D:3      | Found a deep blue altar of Sif Muna.
  2691 | D:3      | Became a worshipper of Sif Muna the Loreminder
  2988 | D:3      | Killed Sigmund
  3600 | D:4      | Reached XP level 6. HP: 45/47 MP: 7/9
  3613 | D:4      | Noticed Kae's ghost (average DrTm)
  3648 | D:4      | Killed Kae's ghost
  3648 | D:4      | Reached skill level 6 in Unarmed Combat
  3915 | D:4      | Paralysed by a giant eyeball for 3 turns
  3931 | D:4      | Learned a level 2 spell: Sticks to Snakes
  3935 | D:4      | Learned a level 3 spell: Spider Form
  3978 | D:5      | Entered Level 5 of the Dungeon
  3978 | D:5      | Found Curauz's Assorted Antiques.
  4240 | D:5      | Found Loupsycu's Magic Scroll Emporium.
  4251 | D:5      | Your scales start taking on an icy white colour.
  4251 | D:5      | Gained mutation: Your flesh is cold resistant. [draconian maturity]
  4251 | D:5      | Reached XP level 7. HP: 52/52 MP: 8/10
  4299 | D:5      | Found Cuzucual's Book Shoppe.
  4304 | D:5      | Found Qarovvan's Assorted Antiques.
  4372 | D:5      | Reached skill level 7 in Unarmed Combat
  4382 | D:5      | Reached skill level 5 in Transmutations
  4383 | D:5      | Slain by an orc

Action                   |  1- 3 |  4- 6 |  7- 9 || total
-------------------------+-------+-------+-------++-------
Melee: Unarmed           |   164 |   265 |    26 ||   455
 Cast: Beastly Appendage |     2 |    13 |     5 ||    20
  Use: Potion            |       |     5 |     1 ||     6
       Scroll            |       |     1 |     7 ||     8
 Stab: Sleeping          |       |     1 |       ||     1
